 Dungeon Crawl Stone Soup version 0.27-a0-668-gb5737ff2c0 (webtiles) character file.

Game seed: 4557937977611549066

1798 jasper the Chopper (level 9, -5/68 HPs)
             Began as a Human Fighter on Mar 17, 2021.
             Was a Follower of Makhleb.
             Slain by an ogre
             ... wielding a +0 giant spiked club
              (18 damage)
             ... on level 6 of the Dungeon.
             The game lasted 00:09:25 (7376 turns).

jasper the Chopper (Human Fighter)                  Turns: 7376, Time: 00:09:26

Health: -5/68      AC: 12    Str: 19    XL:     9   Next: 30%
Magic:  12/12      EV:  4    Int:  9    God:    Makhleb [*.....]
Gold:   203        SH: 11    Dex: 13    Spells: 6/8 levels left

rFire    . . .     SeeInvis .   a - +0 war axe
rCold    . . .     Faith    .   c - +1 kite shield
rNeg     . . .     Spirit   .   u - +0 plate armour
rPois    .         Reflect  .   (no helmet)
rElec    .         Harm     .   (no cloak)
rCorr    .         Rampage  .   (no gloves)
Will     .....                  (no boots)
Stlth    ..........             (no amulet)
HPRegen  0.21/turn              (no ring)
MPRegen  0.13/turn              (no ring)

@: no status effects
A: no striking features
a: Renounce Religion


You were on level 6 of the Dungeon.
You worshipped Makhleb.
Makhleb was aware of your devotion.
You visited 2 branches of the dungeon, and saw 7 of its levels.

You collected 203 gold pieces.

Inventory:

Hand Weapons
 a - a +0 war axe (weapon)
 r - a +0 flail of protection
Missiles
 n - 3 curare-tipped darts (quivered)
Armour
 b - a +0 scale mail
 c - a +1 kite shield (worn)
 j - a +0 chain mail
 u - a +0 plate armour (worn)
Jewellery
 d - a +6 ring of intelligence
 h - a +6 ring of dexterity
Wands
 p - a wand of iceblast (2)
 s - a wand of digging (2)
Scrolls
 e - a scroll of magic mapping
 g - a scroll of vulnerability
 l - 2 scrolls of fog {unknown}
 m - 4 scrolls of identify
 o - a scroll of noise {unknown}
Potions
 f - 2 potions of curing
 k - 2 potions of lignification {unknown}
 q - a potion of brilliance {unknown}
 t - a potion of flight {unknown}
 v - 2 potions of attraction {unknown}


   Skills:
 + Level 5.6 Fighting
 * Level 7.0 Axes
 + Level 5.6 Armour
 + Level 5.6 Shields
 * Level 4.0 Invocations


You had 6 spell levels left.
You knew the following spells:

 Your Spells              Type           Power      Damage    Failure   Level
a - Animate Skeleton      Necr           0%         N/A       100%        1
b - Apportation           Tloc           0%         N/A       100%        1

Your spell library contained the following spells:

 Spells                   Type           Power      Damage    Failure   Level
 Corona                   Hex            0%         N/A       100%        1
 Magic Dart               Conj           0%         1d3       100%        1
 Summon Small Mammal      Summ           0%         N/A       100%        1
 Searing Ray              Conj           0%         3d3       100%        2
 Dazzling Flash           Conj/Hex       0%         N/A       100%        3
 Fulminant Prism          Conj/Hex       0%         3d6       100%        4
 Iskenderun's Mystic Bla  Conj/Tloc      0%         2d3       100%        4


Dungeon Overview and Level Annotations

Branches:
Dungeon (6/15)             Temple (1/1) D:5

Altars:
Fedhas
Gozag
Hepliaklqana
Kikubaaqudgha
Makhleb
Nemelex Xobeh
Okawaru
Qazlal
Ru
Sif Muna
Uskayaw
Vehumet
Wu Jian
Xom
Yredelemnul
Zin


Message History

An ogre comes into view. It is wielding a +0 giant spiked club.
You see here a worker ant corpse.
The ogre shouts!
Found 6 javelins.
You hit the ogre.
The ogre is lightly wounded.
The ogre hits you with a +0 giant spiked club!!
You take 21 damage, and have 46/68 hp.
MASSIVE DAMAGE!!
You slash the ogre!
The ogre is moderately wounded.
You block the ogre's attack.
You slash the ogre!
The ogre is severely wounded.
You block the ogre's attack. The ogre barely misses you.
MP restored: 12 You hit the ogre.
The ogre is almost dead.
The ogre hits you with a +0 giant spiked club.
You take 6 damage, and have 41/68 hp.
You barely miss the ogre.
The ogre is almost dead.
The ogre hits you but does no damage. The ogre completely misses you.
You hit the ogre but do no damage.
The ogre is almost dead.
The ogre hits you with a +0 giant spiked club.
You take 4 damage, and have 37/68 hp.
You completely miss the ogre.
The ogre is almost dead.
The ogre hits you with a +0 giant spiked club!!
* * * LOW HITPOINT WARNING * * *
You take 18 damage, and have 19/68 hp.
MASSIVE DAMAGE!!
You hit the ogre.
The ogre is almost dead.
You block the ogre's attack.
You barely miss the ogre.
The ogre is almost dead.
The ogre hits you with a +0 giant spiked club.
* * * LOW HITPOINT WARNING * * *
The ogre hits you with a +0 giant spiked club!!
You die...

#....'...............
#....#..........##'##
#....#..........#....
#....#..........#....
#....#..........#....
#...†######.....#. ..
#....# #.....#
#.^..## .. #...@.#
#...O.# #....##
#...(# #....# #....#
#..... #...(.


You could see an ogre.

Vanquished Creatures
  A wraith (D:6)
  Sigmund (D:5)
  Menkaure (D:5)
  A sky beast (D:5)
  A necrophage (D:5)
  A phantom (D:5)
  An ogre (D:6)
  2 bullfrogs (D:6)
  A scorpion (D:4)
  A howler monkey (D:5)
  6 hounds
  A jelly (D:6)
  A gnoll shaman (D:6)
  2 orc priests
  A bullfrog skeleton (D:6)
  Ijyb (D:3)
  An orc wizard (D:4)
  3 worker ants
  2 hound zombies
  13 gnolls
  9 adders
  2 oozes
  An adder skeleton (D:4)
  4 worms
  2 leopard geckos (D:3)
  23 orcs
  2 ball pythons (D:1)
  5 bats
  4 giant cockroaches
  5 goblins
  12 hobgoblins
  5 jackals
  10 kobolds
  4 quokkas
  A ball python skeleton (D:4)
  3 frilled lizards
  A giant cockroach zombie (D:6)
  A leopard gecko skeleton (D:6)
  7 rats
143 creatures vanquished.

Notes
Turn   | Place    | Note
-------+----------+-------------------------------------------
     0 | D:1      | jasper the Human Fighter began the quest for the Orb.
     0 | D:1      | Reached XP level 1. HP: 18/18 MP: 1/1
   382 | D:1      | Reached XP level 2. HP: 22/24 MP: 2/2
   882 | D:1      | Reached XP level 3. HP: 23/29 MP: 3/3
  1663 | D:2      | Reached XP level 4. HP: 31/35 MP: 4/4
  1850 | D:2      | Reached skill level 3 in Axes
  2435 | D:2      | Found a blossoming altar of Fedhas.
  2707 | D:2      | Learned a level 1 spell: Animate Skeleton
  2709 | D:2      | Learned a level 1 spell: Apportation
  2748 | D:3      | Reached XP level 5. HP: 16/41 MP: 5/5
  3350 | D:3      | Noticed Ijyb
  3361 | D:3      | Killed Ijyb
  3605 | D:3      | Reached XP level 6. HP: 47/48 MP: 6/6
  3856 | D:4      | Reached skill level 4 in Axes
  4559 | D:4      | Reached XP level 7. HP: 54/54 MP: 7/7
  4684 | D:5      | Entered Level 5 of the Dungeon
  4701 | D:5      | Reached skill level 5 in Axes
  5046 | D:5      | Noticed Sigmund
  5051 | D:5      | Killed Sigmund
  5052 | D:5      | Reached XP level 8. HP: 45/61 MP: 8/8
  5214 | D:5      | Found a staircase to the Ecumenical Temple.
  5223 | Temple   | Entered the Ecumenical Temple
  5338 | Temple   | Became a worshipper of Makhleb the Destroyer
  5539 | D:5      | Noticed Menkaure
  5543 | D:5      | Killed Menkaure
  5544 | D:5      | Reached skill level 5 in Fighting
  5544 | D:5      | Reached skill level 6 in Axes
  5544 | D:5      | Reached skill level 5 in Armour
  5544 | D:5      | Reached skill level 5 in Shields
  5544 | D:5      | Reached skill level 1 in Invocations
  5992 | D:6      | Noticed a wraith
  6043 | D:6      | Killed a wraith
  6050 | D:6      | Reached XP level 9. HP: 17/68 MP: 11/11
  6729 | D:6      | Found a glowing silver altar of Zin.
  6746 | D:6      | Reached * piety under Makhleb
  7070 | D:6      | Reached skill level 7 in Axes
  7376 | D:6      | Slain by an ogre

Illustrated notes

Levels and vault maps discovered:
D:1:      lightli_arrival_boilingwater, layout_loops_cross, serial_park_tiny_2,
          bh_walls_and_bars
D:2:      layout_basic, fedhas_altar_3
D:3:      layout_basic, st_stairs_9, corexii_hall_statues_i, uniq_ijyb
D:4:      layout_basic
D:5:      layout_rooms, minmay_temple_entry_grid, minmay_misc_feat_tiny,
          uniq_menkaure, uniq_sigmund
D:6:      layout_gridville, basic_altar
Temple:   minmay_crystal_spiral_temple

Skill      XL: |  1  2  3  4  5  6  7  8  9 |
---------------+----------------------------+-----
Axes           | 3 4 5 6 7 |  7.0
Fighting       | 4 5 |  5.6
Armour         | 4 5 |  5.6
Shields        | 4 5 |  5.6
Invocations    | 2 4 |  4.0

Action                   |  1- 3 |  4- 6 |  7- 9 || total
-------------------------+-------+-------+-------++-------
Melee: War axe           |   104 |   196 |   236 ||   536
Throw: Dart              |       |     6 |    14 ||    20
Evoke: Wand              |       |       |    10 ||    10
  Use: Potion            |     1 |     1 |     2 ||     4
       Scroll            |       |       |    10 ||    10
Armor: Scale mail        |    55 |       |       ||    55
       Chain mail        |    15 |   119 |       ||   134
       Plate armour      |       |     3 |   135 ||   138
Dodge: Dodged            |    24 |    29 |    47 ||   100
Block: Kite shield       |    58 |    90 |   166 ||   314

Table legend: (Time is in decaauts)
 A = Elapsed time spent in this place.
 B = Non-inter-level travel time spent in this place.
 C = Inter-level travel time spent in this place.
 D = Time resting spent in this place.
 E = Time spent auto-exploring this place.
 F = Levels seen in this place.
 G = Mean time per level.
                   A        B        C        D        E       F      G
               +--------+--------+--------+--------+--------+-----+--------+
         Total |   7663 |   7480 |    183 |   1196 |   4856 |   7 | 1094.7 |
       Dungeon |   7472 |   7364 |    108 |   1196 |   4744 |   6 | 1245.3 |
        Temple |    191 |    116 |     75 |      0 |    112 |   1 |  191.0 |
               +--------+--------+--------+--------+--------+-----+--------+

Top non-repeatable levels by time:
     D:2: 1622 daAuts
     D:6: 1591 daAuts
     D:1: 1200 daAuts
     D:4: 1149 daAuts
     D:3: 1147 daAuts
     D:5: 760 daAuts
  Temple: 191 daAuts
